 Dungeon Sprint DCSS version 0.30-a0-883-g5ad918d77d (webtiles) character file.

Game seed: 8351279614783471914

28 sircluck the Trooper (level 3, 0/25 HPs)
             Began as a Gargoyle Fighter on Mar 16, 2023.
             Slain by a human (4 damage)
             ... in the Dungeon (Sprint III: "The Ten Rune Challenge").
             The game lasted 00:00:42 (126 turns).

sircluck the Trooper (Gargoyle Fighter)              Turns: 126, Time: 00:00:42

Health: 0/25       AC: 10    Str: 21    XL:     3   Next: 14%
Magic:  3/3        EV:  9    Int:  8    God:
Gold:   14         SH:  4    Dex:  9    Spells: 2/2 levels left

rFire   . . .      SeeInvis .    a - +0 flail
rCold   . . .      Faith    .    c - +0 buckler
rNeg    + . .      Spirit   .    b - +0 scale mail
rPois   ∞          Reflect  .    (no helmet)
rElec   +          Rampage  .    (no cloak)
rCorr   .          NoTele   +    (no gloves)
Will    .....                    (no boots) Stlth
                                 (no amulet)
HPRegen 0.24/turn                (no ring)
MPRegen 0.08/turn                (no ring)

@: no status effects
A: sickness immunity, AC +3, negative energy resistance 1, electricity
resistance, torment resistance 1, petrification resistance
a: no special abilities


You were in the Dungeon.
You visited 1 branch You collected 14 gold pieces.

Inventory:

Hand Weapons
 a - a +0 flail (weapon)
Armour
 b - a +0 scale mail (worn)
 c - a +0 buckler (worn)
Scrolls
 j - a scroll of blinking
Potions
 d - a potion of might
 f - a potion of heal wounds
 g - a potion of haste
 h - 3 potions of magic
 i - a potion of berserk rage
 k - a potion of lignification {unknown}


   Skills:
 + Level 4.9 Fighting
 + Level 3.0 Maces & Flails
 + Level 4.6 Armour
 + Level 4.6 Shields


You had 2 spell levels left.
You didn't know any spells.
Your spell library was empty.

Dungeon Overview and Level Annotations

Branches:
Dungeon (1/1)

Altars:


Innate Abilities, Weirdness & Mutations

You are immune to sickness and miasma.
Your stone body is resilient. (AC +3)
You are immune to poison.
You resist negative energy. (rN+)
You are resistant to electric shocks. (rElec)
You are resistant to unholy torment.
You are immune to petrification.


Message History

You hit the human but do no damage.
The human is heavily wounded.
The human hits you but does no damage.
You hit the human but do no damage.
The human is heavily wounded.
The human closely misses you.
You closely miss the human.
The human is heavily wounded.
The human hits you.
You closely miss the human.
The human is heavily wounded.
The human hits you. The human hits you but does no damage.
You barely miss the human.
The human is heavily wounded.
The human barely misses you.
You barely miss the human.
The human is heavily wounded.
The human hits you.
* * * LOW HITPOINT WARNING * * *
You closely miss the human.
The human is heavily wounded.
You block the human's attack. The human barely misses you.
You hit the human.
The human is heavily wounded.
The human hits you.
* * * LOW HITPOINT WARNING * * *
You closely miss the human.
The human is heavily wounded.
The human hits you but does no damage.
You barely miss the human.
The human is heavily wounded.
The human hits you but does no damage. The human hits you.
* * * LOW HITPOINT WARNING * * *
You closely miss the human.
The human is heavily wounded.
The human barely misses you.
You closely miss the human.
The human is heavily wounded.
The human hits you.
You die...

▓▓▓▓▓▓▓▓▓
▓<..#...####
▓...#......##
▓..##...†...#
▓##.##.##...# .#
##.##.###..# ..#
▓#.####.##..# ...+
▓.###..##..##
#p..# ▓#.....##.@#
#....#
###..##..p##.....#
##..##....#......#
#..###..##.# #..#
#..#### ▓▓▓▓ ▓▓▓▓


You could see a human.

Vanquished Creatures
  Jessica (D)
  An endoplasm (D)
  2 rats (D)
4 creatures vanquished.

Notes
Turn   | Place    | Note
-------+----------+-------------------------------------------
     0 | D        | sircluck the Gargoyle Fighter began the quest for the Orb.
     0 | D        | Reached XP level 1. HP: 14/14 MP: 1/1
    75 | D        | Noticed Jessica
    81 | D        | Killed Jessica
    82 | D        | Reached XP level 2. HP: 17/20 MP: 2/2
    82 | D        | Reached XP level 3. HP: 21/25 MP: 3/3
   126 | D        | Slain by a human

Illustrated notes

Levels and vault maps discovered:
D:        dungeon_sprint_mu [sprint_mu_entry_cave, sprint_mu_temple_rooms,
          sprint_mu_d1_spiders, sprint_mu_d2_genie, sprint_mu_d3_branching,
          sprint_mu_orc_legion, sprint_mu_elf_gauntlet, sprint_mu_hive_nellie,
          sprint_mu_lair_fedhas, sprint_mu_vaults_butterflies,
          sprint_mu_slime_circle, sprint_mu_shoals_archi,
          sprint_mu_snake_twists, sprint_mu_blade_basic,
          sprint_mu_crypt_chambers, sprint_mu_tomb_spiral,
          sprint_mu_vestibule_basic, sprint_mu_gehenna_hellfire,
          sprint_mu_dis_giant, sprint_mu_tartarus_statrot,
          sprint_mu_cocytus_islands, sprint_mu_zot1]

Skill      XL: |  1 |
---------------+----+-----
Fighting       | 4 |  4.9
Maces & Flails | 3 |  3.0
Armour         | 4 |  4.6
Shields        | 4 |  4.6

Action                     || total
---------------------------++-------
  Melee: Flail             ||    38
    Use: Potion            ||     1
 Armour: Scale mail        ||    15
  Dodge: Dodged            ||    10
  Block: Buckler           ||     4

Table legend: (Time is in decaauts)
 A = Elapsed time spent in this place.
 B = Non-inter-level travel time spent in this place.
 C = Inter-level travel time spent in this place.
 D = Time resting spent in this place.
 E = Time spent auto-exploring this place.
 F = Levels seen in this place.
 G = Mean time per level.
                   A        B        C        D        E       F      G
               +--------+--------+--------+--------+--------+-----+--------+
         Total |    137 |    137 |      0 |     30 |     18 |   1 |  137.0 |
       Dungeon |    137 |    137 |      0 |     30 |     18 |   1 |  137.0 |
               +--------+--------+--------+--------+--------+-----+--------+

Top non-repeatable levels by time:
       D: 137 daAuts
